Map: Persephone LE

Players

LiquidClem (Clem) - Winner!

  • Race: Protoss Protoss
  • League: Master
  • Spawn Location: 7:00

ByuN

  • Race: Terran Terran
  • League: Diamond
  • Spawn Location: 11:00

VOD

Have the link to the VOD?

Description

Time

  • Played on: May 27, 2025, 10:17 p.m.
  • Length: 10:04
Show
View Real Time Build Order
Export as new Build Order

LiquidClem Protoss - Winner!

Build Orders: 1 Gate Expand, Blink Stalkers 

Get SALT Encoding   

  12  0:00  Probe  
  13  0:12  Probe  
  14  0:16  Pylon  
  14  0:22  Probe  
  15  0:30  Probe  
  16  0:35  Gateway  
  16  0:39  Probe  
  16  0:45  Assimilator  
  17  0:51  Probe  
  18  1:03  Probe  
  19  1:15  Probe  
  20  1:22  Cybernetics Core  
  20  1:31  Nexus  
  20  1:33  Probe  
  21  1:40  Pylon  
  21  1:45  Probe  
  22  1:47  Stalker  
  22  1:48  Assimilator  
  22  1:57  Probe  
  25  2:03  Warp Gate  
  25  2:09  Probe  
  26  2:16  Adept  
  26  2:22  Probe  
  29  2:32  Twilight Council  
  29  2:34  Probe  
  30  2:38  Blink  
  30  2:39  Probe  
  30  2:43  Gateway  
  31  2:46  Probe  
  31  2:48  Stalker  
  31  2:49  Probe  
  34  2:58  Probe  
  36  3:00  Probe  
  37  3:11  Probe  
  37  3:12  Probe  
  39  3:21  Gateway  
  39  3:23  Probe  
  39  3:25  Probe  
  41  3:28  Robotics Facility  
  41  3:35  Probe  
  41  3:37  Probe  
  43  3:47  Probe, Pylon  
  44  3:51  Stalker  
  46  3:56  Assimilator  
  46  3:58  Assimilator  
  46  4:04  Pylon  
  46  4:05  Probe x2  
  46  4:06  Stalker  
  50  4:16  Stalker  
  49  4:17  Probe x2  
  49  4:22  Observer  
  49  4:29  Probe x2  
  52  4:36  Forge  
  52  4:41  Probe x2  
  52  4:43  Templar Archives  
  54  4:46  Gateway  
  54  4:53  Probe x2  
  54  4:54  Nexus  
  54  4:56  Charge  
  56  5:00  Pylon  
  56  5:06  Stalker x2  
  60  5:09  Stalker  
  60  5:12  Psionic Storm  
  62  5:15  Protoss Ground Weapons Level 1  
  62  5:18  Probe x2  
  64  5:23  Observer  
  64  5:25  Pylon  
  64  5:28  Shield Battery  
  64  5:30  Probe  
  64  5:31  Probe  
  64  5:34  Shield Battery  
  66  5:43  Probe  
  66  5:44  Probe  
  66  5:47  High Templar  
  70  5:51  Pylon, Gateway, Observer  
  70  5:54  Gateway  
  70  5:55  Probe  
  71  5:58  Probe  
  72  6:08  Probe  
  72  6:09  High Templar, Probe, Gateway  
  76  6:12  Probe, Gateway  
  76  6:16  Warp Prism  
  79  6:20  Probe  
  79  6:22  High Templar  
  79  6:24  Probe  
  83  6:26  Zealot  
  83  6:27  Zealot  
  83  6:31  Probe  
  83  6:32  Probe  
  89  6:35  Pylon  
  89  6:40  Pylon  
  89  6:44  High Templar  
  91  6:47  Zealot x2  
  91  6:48  Zealot  
  91  6:51  Stalker  
  98  6:55  Pylon, Stalker  
  98  6:59  Immortal  
  102  7:05  Zealot  
  104  7:08  High Templar  
  104  7:09  Pylon, Zealot  
  108  7:19  Zealot x4  
  116  7:28  Protoss Ground Weapons Level 2  
  116  7:30  Zealot x3  
  116  7:31  Pylon  
  116  7:33  Probe  
  116  7:34  Pylon  
  116  7:35  Probe  
  124  7:39  Robotics Bay  
  124  7:45  Nexus  
  124  7:46  Pylon  
  124  7:49  Pylon  
  122  7:53  Zealot x4  
  128  7:58  Zealot x2  
  128  8:03  Pylon  
  132  8:09  High Templar  
  132  8:10  Zealot  
  134  8:21  Stalker x6  
  134  8:22  Pylon  
  134  8:24  Probe  
  145  8:27  Probe  
  145  8:31  Probe  
  144  8:34  Pylon  
  144  8:40  Pylon  
  144  8:46  Zealot x2  
  144  8:47  Zealot x4  
  156  8:50  Pylon  
  156  8:52  Colossus  
  152  9:03  High Templar  
  152  9:07  Zealot x5  
  161  9:12  Zealot  
  162  9:19  High Templar  
  162  9:22  Pylon  
  152  9:27  Probe  
  152  9:28  Probe  
  152  9:29  Zealot x3  
  117  9:35  Stalker  
  98  9:45  Probe x2  
  91  9:46  Probe  
  91  9:47  Zealot  
Show
View Real Time Build Order
Export as new Build Order

ByuN Terran 

Build Orders: Cyclone Opening 

Get SALT Encoding   

  12  0:00  SCV  
  13  0:12  SCV  
  14  0:17  Supply Depot  
  14  0:24  SCV  
  15  0:39  SCV  
  15  0:40  Barracks  
  16  0:42  Refinery  
  16  0:51  SCV  
  17  1:03  SCV  
  18  1:15  SCV  
  19  1:27  Orbital Command  
  20  1:38  Command Center  
  20  1:39  Marine  
  20  1:52  Factory  
  20  1:54  SCV  
  20  2:00  Refinery  
  21  2:02  Barracks Reactor  
  21  2:06  SCV  
  22  2:11  Supply Depot  
  22  2:20  SCV  
  23  2:33  SCV  
  23  2:36  Factory Tech Lab  
  23  2:37  Starport  
  24  2:40  Marine  
  24  2:41  Marine  
  26  2:45  SCV  
  26  2:49  Orbital Command  
  27  2:55  Cyclone  
  30  2:58  SCV  
  31  3:06  Marine x2  
  31  3:11  Orbital Command  
  33  3:13  SCV  
  33  3:14  Medivac  
  36  3:23  Marine  
  36  3:24  Marine  
  36  3:25  SCV  
  39  3:35  Supply Depot  
  39  3:36  Siege Tank  
  39  3:39  SCV  
  39  3:40  SCV  
  44  3:41  Marine x2  
  46  3:56  Barracks, SCV x2  
  46  3:59  Starport Tech Lab, Marine x2  
  50  4:07  Supply Depot  
  50  4:08  SCV x2  
  52  4:15  Siege Tank  
  54  4:22  SCV  
  54  4:24  SCV  
  54  4:26  Marine  
  54  4:28  Marine  
  54  4:30  Bunker  
  55  4:34  SCV  
  55  4:37  Supply Depot  
  56  4:39  Refinery  
  56  4:43  Marine  
  57  4:45  Barracks  
  57  4:46  Marine  
  57  4:47  Siege Tank  
  62  4:54  SCV  
  62  4:57  Stimpack  
  62  4:59  SCV, Marine  
  64  5:01  Supply Depot  
  64  5:06  SCV  
  64  5:07  Engineering Bay, Marine x2  
  65  5:10  Starport Reactor  
  65  5:11  SCV  
  68  5:16  Refinery  
  68  5:18  SCV  
  68  5:20  Marine  
  70  5:23  SCV  
  70  5:25  Marine x2  
  73  5:34  Terran Infantry Weapons Level 1  
  73  5:35  Supply Depot  
  73  5:36  Factory Reactor  
  73  5:38  SCV x2  
  75  5:43  Marine x2  
  77  5:50  Supply Depot  
  77  5:55  SCV  
  78  5:57  SCV, Medivac, Marauder x2  
  78  6:01  Marine  
  86  6:11  Supply Depot  
  86  6:12  SCV x2, Medivac, Marine  
  86  6:17  Widow Mine  
  93  6:21  Marine  
  94  6:27  Combat Shield  
  94  6:28  Supply Depot  
  94  6:32  Marine  
  94  6:33  Marauder x2  
  94  6:34  SCV  
  94  6:37  Concussive Shells  
  94  6:39  SCV  
  103  6:40  Widow Mine x2  
  103  6:42  Medivac x2  
  103  6:45  Marine  
  110  6:50  Marine  
  110  6:52  SCV x2  
  113  6:54  Marauder x2  
  117  7:06  Supply Depot  
  117  7:09  Marine  
  117  7:12  Marine  
  117  7:14  Supply Depot, Command Center  
  117  7:15  Supply Depot  
  117  7:18  SCV  
  118  7:28  Widow Mine, SCV, Marauder x2  
  125  7:30  Barracks  
  125  7:35  Barracks  
  125  7:36  Widow Mine  
  127  7:43  Marine  
  127  7:44  Marine  
  129  7:48  SCV x2  
  129  7:49  Marauder x2  
  135  7:55  Widow Mine  
  135  7:57  Widow Mine  
  139  8:05  Marine x2  
  141  8:07  SCV  
  141  8:08  SCV  
  141  8:11  Marauder  
  142  8:14  Supply Depot  
  142  8:15  Supply Depot  
  142  8:17  Ghost Academy  
  142  8:18  Marauder, Widow Mine  
  142  8:19  Widow Mine  
  147  8:27  Command Center  
  147  8:32  Marine, Marauder  
  147  8:33  Marine  
  143  8:35  Barracks Reactor, Barracks Tech Lab  
  143  8:40  SCV, Marauder  
  139  8:52  Marine  
  139  8:53  Marine, Ghost  
  144  9:02  SCV x2  
  124  9:03  Medivac x2  
  124  9:07  Ghost x2  
  131  9:10  Marine x2  
  131  9:12  Marine x2  
  131  9:14  SCV x2  
  131  9:15  Widow Mine  
  129  9:19  Widow Mine  
  124  9:29  Marauder  
  124  9:30  Marine  
  124  9:31  Marine  
  115  9:33  Medivac x2  
  115  9:34  SCV  
  115  9:36  Marauder  
  115  9:37  Widow Mine  
  104  9:38  Marine  
  104  9:40  Widow Mine  
  104  9:41  SCV  
  78  9:50  SCV  
Tags
 
Add a new tag
Caveats
  • Supply blocks, unpowered buildings, or Contaminate may cause inaccurate times.
  • Supply counts are checked every 10 seconds.